 Dungeon Crawl Stone Soup version 0.31-a0-216-g22e908daa7 (webtiles) character file.

Game seed: 16781186965145240530

24 qw the Shooter (level 2, -2/24 HPs)
             Began as a Minotaur Hexslinger on July 1, 2023.
             Slain by a worm (8 damage)
             ... on level 2 of the Dungeon.
             The game lasted 00:00:15 (919 turns).

qw the Shooter (Minotaur Hexslinger)                 Turns: 919, Time: 00:00:16

Health: -2/24      AC:  6    Str: 12    XL:     2   Next: 79%
Magic:  2/2        EV: 12    Int: 10    God:
Gold:   40         SH:  0    Dex: 12    Spells: 2/3 levels left

rFire   . . .        Y - +0 shortbow
rCold   . . .        (shield currently unavailable)
rNeg    . . .        c - +0 robe
rPois   .            (helmet restricted)
rElec   .            (no cloak)
rCorr   .            (no gloves)
SInv    .            (no boots)
Will    .....        (no amulet)
Stlth   +            g - +4 ring of protection
HPRegen 0.24/turn    (no ring)
MPRegen 0.08/turn

%: no passive effects
@: lethally poisoned (-2 -> -4)
A: horns 2, retaliatory headbutt
a: no special abilities


You were on level 2 of the Dungeon.
You visited 1 branch of the dungeon, and saw 2 of its levels.

You collected 40 gold pieces.


Innate Abilities, Weirdness & Mutations

You have a pair of horns on your head.
You reflexively headbutt those who attack you in melee.


   Skills:
 - Level 2.0 Fighting
 + Level 3.4 Ranged Weapons
 - Level 2.1 Dodging
 - Level 1.0 Spellcasting
 - Level 2.0 Hexes


You had 2 spell levels left.
You knew the following spells:

 Your Spells              Type           Power      Damage    Failure   Level
a - Slow                  Hex            16%        N/A       16%         1

Your spell library contained the following spells:

 Spells                   Type           Power      Damage    Failure   Level
 Inner Flame              Hex/Fire       2%         N/A       56%         3
 Portal Projectile        Hex/Tloc       4%         N/A       56%         3
 Cause Fear               Hex            2%         N/A       83%         4

Inventory:

Hand Weapons
 Y - a +0 shortbow (weapon)
Armour
 c - a +0 robe (worn)
Jewellery
 g - a +4 ring of protection (left hand)
Scrolls
 a - 2 scrolls of amnesia {unknown}
 d - 3 scrolls of identify
Potions
 e - a potion of enlightenment

Dungeon Overview and Level Annotations

Branches:
Dungeon (2/15)

Altars:


Message History

You now have 40 gold pieces (gained 4).
A bat, a worm and a kobold come into view.
The kobold is wielding a +1 whip of venom.
The kobold shouts!
The bat barely misses you. You furiously retaliate!
You headbutt the bat. You shoot an arrow. The arrow hits the bat.
You kill the bat!
You shoot an arrow. The arrow hits the kobold.
The kobold is moderately wounded.
You shoot an arrow. The arrow barely misses the kobold.
An endoplasm comes into view.
The kobold closely misses you.
You shoot an arrow. The endoplasm quivers.
The arrow hits the kobold but does no damage.
The kobold closely misses you.
You shoot an arrow. The arrow closely misses the kobold.
The kobold barely misses you.
You shoot an arrow. The arrow barely misses the kobold.
The kobold hits you but does no damage.
You are poisoned.
You shoot an arrow. The arrow closely misses the kobold.
You feel very sick.
The kobold hits you with a +1 whip of venom.
You are more poisoned.
The kobold barely misses you. You furiously retaliate!
You headbutt the kobold.
You kill the kobold!
You shoot an arrow. The arrow hits the endoplasm!
You kill the endoplasm!
You feel very sick.
You shoot an arrow.
The arrow hits the worm but does no damage.
You feel sick. The worm bites you.
You shoot an arrow. The arrow hits the worm!
The worm is heavily wounded.
You feel sick. The worm bites you but does no damage.
You shoot an arrow. The arrow hits the worm.
The worm is heavily wounded.
You feel sick. The worm bites you!
You die...

###.# .. #.
# .. ###.#
.# ....# .#
# ~~..#
########.#.#
?~..#
......)w...#
~~..# ##@#
...## #..#
#### ##.## #
####..#
###....##
###...####
#...###
##.### ##..#


You could see a worm.

Vanquished Creatures
  A dart slug (D:1)
  2 ball pythons (D:1)
  5 endoplasms
  2 goblins
  4 hobgoblins (D:1)
  2 kobolds
  A bat (D:2)
  2 frilled lizards (D:1)
19 creatures vanquished.

Notes
Turn   | Place    | Note
-------+----------+-------------------------------------------
     0 | D:1      | qw the Minotaur Hexslinger began the quest for the Orb.
     0 | D:1      | Reached XP level 1. HP: 16/16 MP: 1/1
     0 | D:1      | 0 ||| qw: Version: 0.3-a-35-g05ef00e
     0 | D:1      | 0 ||| qw: Game counter: 7709
     0 | D:1      | 0 ||| qw: Melee chars always use a shield: true
     0 | D:1      | 0 ||| qw: God list: Okawaru
     0 | D:1      | 0 ||| qw: Allow faded altars: false
     0 | D:1      | 0 ||| qw: Do Orc after clearing Dungeon:15 true
     0 | D:1      | 0 ||| qw: Do second Lair branch before Depths: true
     0 | D:1      | 0 ||| qw: Lair rune preference: random
     0 | D:1      | 0 ||| qw: Goals: Normal
     0 | D:1      | 0 ||| PLANNING D:1-11
   271 | D:1      | 271 ||| SWAPPING to +0 shortbow.
   272 | D:1      | 272 ||| DROPPING +1 sling.
   276 | D:1      | Reached skill level 3 in Ranged Weapons
   276 | D:1      | Reached XP level 2. HP: 23/23 MP: 2/2
   325 | D:1      | Found a faded altar of an unknown god.
   744 | D:1      | 744 ||| UPGRADING to +4 ring of protection.
   745 | D:1      | 745 ||| READING scroll labelled NATAGI UVEZEGH.
   748 | D:1      | 748 ||| READING 3 scrolls labelled FIUCWO GIURUE.
   749 | D:1      | 749 ||| READING 2 scrolls of identify.
   749 | D:1      | 749 ||| IDENTIFYING green potion
   750 | D:1      | 750 ||| DROPPING scroll of poison.
   919 | D:2      | HP: 6/24 [poisoned by a kobold]
   919 | D:2      | Slain by a worm

Levels and vault maps discovered:
D:1:      matt_arrival_refuge, layout_basic,
          ebering_ecumenical_altar_sacrificial
D:2:      layout_basic, corexii_item_surrounded_by_moat

Skill      XL: |  1  2 |
---------------+-------+-----
Ranged Weapons | 3 |  3.4
Fighting       | 2 |  2.0
Dodging        | |  2.1
Spellcasting   | |  1.0
Hexes          | |  2.0

Action                     || total
---------------------------++-------
   Fire: Sling             ||    15
         Shortbow          ||    39
    Use: Scroll            ||     3
 Armour: Robe              ||     3
  Dodge: Dodged            ||    13

Table legend:
 A = Non-vault XP
 B = Vault XP
 C = Vault XP percentage of total XP
 D = Non-vault monster count
 E = Vault monster count
 F = Vault count percentage of total count
                 A         B        C        D         E       F
            +---------+---------+-------+---------+---------+-------
      Total |      35 |       0 |   0.0 |      19 |       0 |   0.0
            +---------+---------+-------+---------+---------+-------
        D:1 |      29 |       0 |   0.0 |      15 |       0 |   0.0
        D:2 |       6 |       0 |   0.0 |       4 |       0 |   0.0
            +---------+---------+-------+---------+---------+-------
